[Event "Mitropa Cup Open 2022"]
[Site "Corte"]
[Date "2022.05.05"]
[Round "6.3"]
[White "Diermair, Andreas"]
[Black "Mica, Marek"]
[Result "0-1"]
[ECO "D35"]
[WhiteElo "2461"]
[BlackElo "2343"]
[Annotator "TA"]
[PlyCount "84"]
[EventDate "2022.04.30"]
[EventType "team-tourn"]
[EventCountry "FRA"]
[SourceTitle "playchess.com"]
[Source "ChessBase"]
[SourceQuality "1"]
[WhiteTeam "Austria"]
[BlackTeam "Czech Republic"]
[WhiteTeamCountry "AUT"]
[BlackTeamCountry "CZE"]
[TimeControl "40/5400+30:1800+30"]

1. d4 Nf6 2. c4 e6 3. Nc3 d5 4. cxd5 Nxd5 5. e4 Nxc3 6. bxc3 c5 7. Nf3 cxd4 8. cxd4 Bb4+ 9. Bd2 Bxd2+ 10. Qxd2 O-O 11. Bc4 Nd7 12. O-O b6 13. Rad1 Bb7 14. Rfe1 Rc8 {[%emt 0:00:09] D41: Queen's Gambit Declined: Semi-Tarrasch with 5 cxd5.} 15. Bb3 h6 16. Re3 Qf6 {[%emt 0:01:59] The position is equal.} 17. Qe2 {[%emt 0:01:18] [#]} e5 $146 ({Predecessor:} 17... Rfd8 18. e5 Qe7 19. Nd2 Nf8 20. Ne4 Bxe4 21. Rxe4 Rc3 22. Qd2 Rdc8 23. Re3 Qb4 24. Rxc3 Qxc3 {½-½ (65) Dudin,G (2332)-Stoyanov,T (2416) Heraklion 2019}) 18. d5 Nc5 19. Qb2 Rfe8 20. Bc4 Qd6 21. Bb5 Re7 22. Nh4 {[%emt 0:07:58] Nf5 is the strong threat.} g6 {[%emt 0:01:22] Against Nf5} 23. Qd2 a6 24. Be2 {[%emt 0:02:41] And now Rh3 would win.} Kh7 25. Bg4 Rd8 26. Rde1 Qf6 27. Rh3 {[%emt 0:07:20] [#]} (27. Nf3 $14) 27... Qf4 (27... Nxe4 $1 $17 28. Rxe4 Rxd5) 28. Qe2 $11 a5 {[%emt 0:02:52] [#]} 29. Rf3 Qg5 {[%emt 0:01:35] Black is more active.} 30. g3 Ba6 31. Qd1 {[%emt 0:02:10] [#]} Bd3 $1 32. Rfe3 Bxe4 33. d6 (33. Rxe4 Nxe4 34. Rxe4 f5 35. Bxf5 (35. Nf3 $2 Qf6 $19) 35... gxf5 $17) 33... Ra7 (33... Bc6 34. f4 Qf6 35. fxe5 Rxe5 36. Rxe5 $16) (33... Qf6 $1 $11 34. dxe7 Rxd1) 34. Rxe4 $18 Nxe4 35. Rxe4 f5 {[%emt 0:02:31] [#]} (35... a4 {is a better defense.} 36. Bh3 Qe7) 36. Rxe5 $2 ({Don't blunder} 36. Nf3 $2 Qf6 37. Bxf5 gxf5 38. Rxe5 Qxd6 $19) (36. Bxf5 $1 $18 gxf5 37. Rxe5) 36... Qxg4 $11 37. Qe1 (37. Qd3 $11 {and White has nothing to worry.}) 37... Rxd6 $19 {[%emt 0:02:14] Hoping for ...Rd1.} 38. Re7+ Kg8 {[%emt 0:00:43] Strongly threatening ...Rd1.} 39. Re8+ ({Much weaker is} 39. Rxa7 Rd1 40. Re7 (40. Ra8+ $2 Kf7 $19) 40... Rxe1+ 41. Rxe1 g5) 39... Kf7 {[%emt 0:00:18] Black is clearly winning.} 40. Kg2 Qd1 41. Qe3 {[%emt 0:01:31] aiming for Rh8.} Qd2 42. Qb3+ (42. Nf3 $142 Qxe3 43. Rxe3) 42... Qd5+ {[%emt 0:00:08] Weighted Error Value: White=0.65/Black=0.23 (precise)} 0-1

[Event "Mitropa Cup Open 2022"]
[Site "Corte"]
[Date "2022.05.05"]
[Round "6.3"]
[White "Sahidi, Samir"]
[Black "Nemeth, Miklos"]
[Result "0-1"]
[ECO "E17"]
[WhiteElo "2459"]
[BlackElo "2446"]
[Annotator "TA"]
[PlyCount "121"]
[EventDate "2022.04.30"]
[EventType "team-tourn"]
[EventCountry "FRA"]
[SourceTitle "playchess.com"]
[Source "ChessBase"]
[SourceQuality "1"]
[WhiteTeam "Slovakia"]
[BlackTeam "Hungary"]
[WhiteTeamCountry "SVK"]
[BlackTeamCountry "HUN"]
[TimeControl "40/5400+30:1800+30"]

1. d4 Nf6 2. c4 e6 3. Nf3 b6 4. g3 Bb7 5. Bg2 Be7 6. O-O O-O 7. d5 exd5 8. Nh4 c6 9. cxd5 Nxd5 10. Nf5 Nc7 11. e4 d5 12. exd5 cxd5 13. Nc3 Bf6 14. Bf4 {[%emt 0:00:08] Black must now prevent Bxc7. E17: Queen's Indian: 4 g3 Bb7 5 Bg2 Be7.} Nba6 15. Rc1 Bc8 16. Nd6 {[%emt 0:13:18] [#] The position is equal.} Be6 $146 ({Predecessor:} 16... Bxc3 17. bxc3 Be6 18. c4 dxc4 19. Qh5 Qd7 20. Be4 g6 21. Qh6 Nd5 22. Bxd5 Bxd5 23. Rfd1 Nb4 24. Rd4 f6 25. Rb1 Qe6 26. Nb5 Bc6 27. Bd6 Qf5 28. Rxb4 Qf3 {0-1 (28) Chandler,C-Strand,T ICCF corr 1983}) 17. Nxd5 Nxd5 18. Bxd5 Bxd5 19. Qxd5 Bxb2 20. Rb1 Bf6 21. Rfd1 Qd7 22. Qc4 (22. a4 $11) 22... Nc5 $15 23. Be3 Rfd8 24. Rd2 Qe6 25. Bxc5 {[%emt 0:05:55] [#] aiming for Qxe6.} Rxd6 26. Qxe6 Rxe6 27. Be3 Kf8 28. Rc1 Rd8 29. Rdc2 Ke8 30. Kg2 Bd4 31. Bf4 Bc5 32. a4 a5 33. Bd2 Ra8 34. Bc3 f6 35. Kf3 Rd8 36. Bxa5 Rd4 {[%emt 0:01:46] Black is more active.} 37. Rxc5 (37. Ra1 $17 {keeps fighting.}) 37... bxc5 $19 38. Rxc5 Rxa4 $17 {[%emt 0:01:03][%mdl 4096] Endgame KRR-KRB} 39. Bd2 g5 40. Be3 Kf7 41. h3 Kg6 42. Rc8 h6 43. Rg8+ Kf7 44. Rc8 f5 45. Rb8 Rd6 46. Rb5 Kg6 47. Rb8 Rc6 48. Rb3 (48. Rd8 {was necessary.}) 48... h5 $19 49. Rb8 {[#]} f4 $1 50. gxf4 gxf4 51. Bd2 Rd6 52. Bc1 (52. Rb2) 52... Rc4 53. Bb2 Rd2 $2 (53... Rd3+ $19 {has better winning chances.} 54. Kg2 f3+ 55. Kh2 Rc2 56. Rb6+ Kf5 57. Rb5+ Ke6) 54. Kg2 $2 (54. Rb6+ $17 Kf5 55. Rb5+ Ke6 56. Rb6+ Rd6 57. Rb3) 54... f3+ $2 (54... Rcc2 $19 {is more deadly.} 55. Rb6+ Kf5 56. Rf6+ Ke4 57. Re6+ Kd5 58. Re5+ Kd6) 55. Kh2 $2 {[%emt 0:00:00] White does not recover from this.} (55. Kxf3 $17 Rcc2 56. Rb6+ Kf7 57. Rb7+ Ke6 58. Bh8) 55... h4 56. Rb6+ Kf7 57. Rf6+ Ke8 58. Re6+ Kd7 {[%emt 0:00:30] Black mates.} 59. Re1 Rxf2+ 60. Kh1 Rcc2 61. Be5 {[%emt 0:01:42] Weighted Error Value: White=0.63/Black=0.44} 0-1

[Event "Mitropa Cup Open 2022"]
[Site "Corte"]
[Date "2022.05.05"]
[Round "6.4"]
[White "Pasti, Aron"]
[Black "Haring, Filip"]
[Result "1-0"]
[ECO "B42"]
[WhiteElo "2380"]
[BlackElo "2434"]
[Annotator "TA"]
[PlyCount "121"]
[EventDate "2022.04.30"]
[EventType "team-tourn"]
[EventCountry "FRA"]
[SourceTitle "playchess.com"]
[Source "ChessBase"]
[SourceQuality "1"]
[WhiteTeam "Hungary"]
[BlackTeam "Slovakia"]
[WhiteTeamCountry "HUN"]
[BlackTeamCountry "SVK"]
[TimeControl "40/5400+30:1800+30"]

1. e4 {[%emt 0:00:02] ChessBase II} c5 2. Nf3 e6 3. d4 cxd4 4. Nxd4 a6 5. Bd3 Bc5 6. Nb3 Ba7 7. Qg4 Nf6 8. Qg3 {[%emt 0:00:07] Black must now prevent e5.} d6 {[%emt 0:01:05] B42: Sicilian: Kan Variation: 5 Bd3.} 9. Nc3 (9. Qxg7 Rg8 10. Qh6 Bxf2+ $1 11. Kd1 Rxg2 $17) 9... Nc6 10. Bg5 (10. Qxg7 Rg8 11. Qh6 Bxf2+ $1 12. Kd1 Rg6 $17) (10. O-O $14) 10... h6 $11 {[%emt 0:07:16] The position is equal.} 11. Bd2 Ne5 12. O-O-O (12. Qxg7 $2 Ng6 13. e5 (13. Bxh6 $2 Rh7 $19) 13... Nh5 14. Qxh8+ Nxh8 $19) 12... g5 (12... b5 $11) 13. Be2 $1 $16 Ng6 14. e5 dxe5 {[%emt 0:21:08] [#]} 15. Bxg5 $1 Qe7 16. Be3 b5 {[%emt 0:06:15] [#]} 17. a3 $146 ({Predecessor:} 17. Bd3 Nf4 18. Bxf4 exf4 19. Qxf4 Bb7 20. Be4 Nxe4 21. Nxe4 Bxe4 22. Qxe4 Rc8 23. f4 {½-½ (44) Di Nicolantonio,L (2393)-Valles,M (2397) Vaujany 2016 EXT 2017 [ChessBase II]}) 17... Bb7 18. Na5 (18. Bxa7 $16 Rxa7 19. Bd3) 18... Ne4 19. Nxe4 Bxe4 20. Bf3 Bxe3+ 21. fxe3 Bxf3 22. gxf3 ({White should play} 22. Qxf3 $14 O-O 23. Kb1) 22... Rc8 {[%emt 0:04:05] Hoping for ...Qc7.} 23. Nb3 a5 24. Kb1 O-O 25. h4 {[%emt 0:00:24] h5 is the strong threat.} (25. Nxa5 Qc7 26. Qe1 Qxc2+ 27. Ka2 Rfd8 $15) 25... h5 26. Qg5 ({Not} 26. Nxa5 Qc7 27. Qe1 Qxc2+ 28. Ka2 Rfd8 29. Rxd8+ Rxd8 $17) (26. Rdg1 $1 $16) 26... Qc7 (26... a4 $11 {and Black has nothing to worry.} 27. Nd2 Qxg5 28. hxg5 h4) 27. Na1 {[%emt 0:00:04] Active counter play!} Qc5 $2 (27... Qb6 $16 28. Rdg1 Rfd8) 28. Qxh5 $2 (28. Rhg1 $18) 28... Qxe3 29. Rhg1 {[%emt 0:00:18] White wants to mate with Rxg6+.} Kg7 30. Rde1 Qf4 31. Qxe5+ Qxe5 32. Rxe5 Rb8 33. h5 Kf6 34. Re4 Ne7 35. Nb3 Rh8 36. Rf4+ Nf5 37. Nxa5 Rxh5 38. Rb4 Ne3 39. Nc6 Rc8 40. Nd4 Rcc5 41. Re1 Nc4 {[%emt 0:08:31] [#]} (41... Ng2 $16 42. Re4 Rhd5) 42. Nxb5 $1 $18 Nd2+ (42... Rh2 $142 43. Ka1 e5) 43. Kc1 {[%emt 0:00:06] aiming for Nc3.} Nxf3 44. Rf1 Rxb5 45. Rxb5 ({Don't play} 45. Rxf3+ $6 Rbf5 46. Rxf5+ Kxf5 $16) 45... Rxb5 46. Rxf3+ {[%emt 0:00:01][%mdl 4096] Endgame KR-KR} Ke7 47. a4 Ra5 {[%emt 0:00:24] [#]} (47... Rb4 48. b3 Rb7) 48. Ra3 $1 f5 (48... Kd7 $142 49. b4 Rg5) 49. b4 Ra8 50. a5 f4 (50... e5 $142 51. a6 Kd8) 51. Kd2 Kd6 52. Kd3 Rh8 53. Ke4 {[%emt 0:02:18] And now a6 would win.} Rb8 54. a6 {[%emt 0:03:45] White threatens a7 and mate.} Rxb4+ 55. Kf3 {[%emt 0:00:03] White mates.} Rb8 56. a7 Ra8 57. Kxf4 Kd5 58. Ke3 Kc4 59. Ke4 Kb4 60. Ra2 Kc3 61. Ke5 {[%emt 0:00:08] Weighted Error Value: White=0.14 (very precise) /Black=0.45} 1-0

[Event "Mitropa Cup Open 2022"]
[Site "Corte"]
[Date "2022.05.05"]
[Round "6.4"]
[White "Frank, Adam"]
[Black "Schreiner, Peter"]
[Result "1/2-1/2"]
[ECO "C71"]
[WhiteElo "2284"]
[BlackElo "2428"]
[Annotator "TA"]
[PlyCount "77"]
[EventDate "2022.04.30"]
[EventType "team-tourn"]
[EventCountry "FRA"]
[SourceTitle "playchess.com"]
[Source "ChessBase"]
[SourceQuality "1"]
[WhiteTeam "Czech Republic"]
[BlackTeam "Austria"]
[WhiteTeamCountry "CZE"]
[BlackTeamCountry "AUT"]
[TimeControl "40/5400+30:1800+30"]

1. e4 e5 2. Nf3 Nc6 3. Bb5 a6 4. Ba4 d6 5. d4 b5 6. Bb3 Nxd4 7. Nxd4 exd4 8. Bd5 Rb8 9. Qxd4 Nf6 10. O-O Be7 11. a4 O-O {[%emt 0:02:59] C71: Ruy Lopez: Deferred Steinitz Variation, sidelines.} 12. c3 Bd7 13. axb5 axb5 {[%emt 0:01:07] [#] Black has an edge.} 14. Bf4 $146 ({Predecessor:} 14. Qd3 Nxd5 15. exd5 Bf6 16. Be3 b4 17. Bd4 bxc3 18. bxc3 Re8 19. Ra7 Bxd4 20. Qxd4 {1-0 (36) Argyo,N (2051)-Ghinea,C (1835) Miercurea Ciuc 2007}) 14... Nxd5 15. exd5 Bf6 16. Qb4 Qc8 17. Nd2 Qb7 18. Qe4 b4 19. Qf3 Rfe8 20. Rfe1 bxc3 21. bxc3 Qb2 (21... Ra8 $5 ) 22. Ne4 Be5 23. Bxe5 Rxe5 24. Qd3 {[%emt 0:00:06] [#] Inhibits Qc2. Black must now prevent Reb1.} Qb7 {[%emt 0:05:19] Strongly threatening ...Rbe8.} 25. Reb1 Qc8 26. Rxb8 Qxb8 27. f4 Re8 28. Ng5 Qb6+ 29. Kh1 (29. Kf1 $1 $11 g6 30. Ne4) 29... f5 ({Black should play} 29... g6 $17 {next ...Qf2 is good for Black.} 30. Qd2 Qe3 31. Qxe3 Rxe3) 30. h3 $11 h6 31. Ne6 Bxe6 32. dxe6 {[%emt 0:00:04][%mdl 4096] Endgame KQR-KQR} Qb3 33. Ra7 ({But not} 33. e7 Qe6 34. c4 Rxe7 $17) 33... Qxe6 34. Rxc7 Rc8 (34... h5 $11) 35. Ra7 {[%emt 0:11:49] White is more active.} ({White should try} 35. Rxc8+ $16 Qxc8 36. Qxd6) 35... Kh8 {[%emt 0:00:40] The position is equal.} 36. Qd4 {[%emt 0:00:40][%csl Ga7][%cal Rd4g7] [#]} Qe1+ 37. Kh2 Qxc3 38. Qxd6 Qc6 39. Qxc6 {[%emt 0:01:19] Weighted Error Value: White=0.13 (very precise) /Black=0.15 (very precise)} 1/2-1/2

[Event "Mitropa Cup Open 2022"]
[Site "Corte"]
[Date "2022.05.05"]
[Round "6.5"]
[White "Moroni, Luca Jr"]
[Black "Moussard, Jules"]
[Result "0-1"]
[ECO "D35"]
[WhiteElo "2581"]
[BlackElo "2651"]
[Annotator "TA"]
[PlyCount "92"]
[EventDate "2022.04.30"]
[EventType "team-tourn"]
[EventCountry "FRA"]
[SourceTitle "playchess.com"]
[Source "ChessBase"]
[SourceQuality "1"]
[WhiteTeam "Italy"]
[BlackTeam "France"]
[WhiteTeamCountry "ITA"]
[BlackTeamCountry "FRA"]
[TimeControl "40/5400+30:1800+30"]

1. c4 e6 2. Nc3 d5 3. d4 Nf6 4. cxd5 exd5 5. Bg5 c6 6. e3 h6 7. Bh4 Be7 8. Bd3 O-O 9. Bg3 {[%emt 0:00:07] 9.Nge2 gains popularity. D35: Queen's Gambit Declined: Exchange Variation.} Re8 (9... Bg4 {keeps more tension.} 10. Nge2 Nh5 11. Be5 Nd7) 10. h3 Bd6 (10... c5 {feels hotter.} 11. dxc5 d4 12. exd4 Bxc5+ 13. Nge2 Bxd4 14. O-O Nc6) 11. Bxd6 {[%emt 0:00:25] White has an edge.} Qxd6 12. Nf3 {[%emt 0:00:03] [#]} Nbd7 $146 ({Predecessor:} 12... Ne4 13. Bxe4 dxe4 14. Nd2 Qg6 15. g4 Na6 16. Qb3 c5 17. Qb5 Rd8 18. dxc5 Bd7 {0-1 (50) Omelja,A (2499)-Bluebaum,M (2670) Chess.com INT 2021}) 13. Qc2 b6 14. O-O Bb7 15. Rad1 c5 16. Bb5 c4 17. Ne5 a6 18. Bxd7 Nxd7 19. f4 b5 20. g4 f6 21. Nxd7 Qxd7 22. Rf3 Bc6 23. Ne2 Qd6 24. Kf2 Bd7 25. Rg1 b4 26. h4 {[%emt 0:14:27] [#]} Rf8 $1 27. Qc1 (27. Qg6 $17 {was called for.}) 27... Rac8 (27... a5 $19 28. Qd2 a4) 28. Rfg3 c3 {[%emt 0:04:32] Black is more active.} 29. b3 (29. bxc3 $17 {was worth a try.} bxc3 30. Qc2 (30. Nxc3 $2 Rc4 $19)) 29... Bb5 $19 30. g5 $2 {[%emt 0:07:25] White does not recover from this.} (30. Qc2 $17 {might work better.}) 30... fxg5 31. hxg5 h5 32. Qc2 Bd7 33. g6 Bf5 34. Qc1 Rf6 35. Rg5 Bg4 ({Weaker is} 35... Bxg6 36. Qf1 $11) 36. Qc2 Re8 {[%emt 0:01:47] And now ...Bxe2 would win. The board is on fire.} 37. Qd3 (37. Rf1 $142) 37... Re4 38. R5xg4 $2 (38. Re5 Rxe5 39. dxe5 Qxe5 40. Nd4) 38... hxg4 39. Ng3 {[%emt 0:00:05] [#]} Rfxf4+ 40. Kg2 {[%emt 0:01:38] [#]} Rxd4 $3 41. exd4 Rf3 {[%emt 0:00:04][%mdl 64] Discovered Attack, Double Attack} 42. Nf5 Qe6 ({Less strong is} 42... Rxd3 43. Nxd6 Rxd4 44. Kg3 Rd3+ 45. Kxg4 $16) 43. Ne7+ Qxe7 {[%emt 0:00:21] Black mates.} 44. Qxa6 Qe4 45. Re1 Re3+ (45... Qxe1 46. Qa8+) 46. Kh2 Rh3+ {[%emt 0:00:04] Weighted Error Value: White=0.62/Black=0.22 (precise)} 0-1

[Event "Mitropa Cup Open 2022"]
[Site "Corte"]
[Date "2022.05.05"]
[Round "6.5"]
[White "Baenziger, Fabian"]
[Black "Piscopo, Pierluigi"]
[Result "1-0"]
[ECO "A61"]
[WhiteElo "2430"]
[BlackElo "2347"]
[Annotator "TA"]
[PlyCount "61"]
[EventDate "2022.04.30"]
[EventType "team-tourn"]
[EventCountry "FRA"]
[SourceTitle "playchess.com"]
[Source "ChessBase"]
[SourceQuality "1"]
[WhiteTeam "Switzerland"]
[BlackTeam "France"]
[WhiteTeamCountry "SUI"]
[BlackTeamCountry "ITA"]
[TimeControl "40/5400+30:1800+30"]

1. d4 Nf6 2. c4 e6 3. Nf3 c5 4. d5 d6 5. Nc3 exd5 6. cxd5 g6 7. Bf4 Bg7 8. Qa4+ Bd7 9. Qb3 {[%emt 0:00:05] A61: Modern Benoni: Nf3 without early e4.} O-O {[%emt 0:00:05][%cal Ob7b5] 9...b5 is becoming the main line.} 10. Bxd6 Ba4 11. Qxa4 {[%emt 0:07:16] White is more active. White is slightly better.} Qxd6 12. Rd1 Nbd7 13. e3 a6 14. Be2 b5 15. Qc2 Rfe8 ({Don't take} 15... b4 16. Na4 $16) 16. O-O Nb6 17. a4 b4 {[%emt 0:05:40] [#]} 18. Nb1 $146 ({But not} 18. a5 bxc3 19. axb6 cxb2 20. Qxb2 Ne4 $11) ({Predecessor:} 18. a5 bxc3 19. axb6 cxb2 20. Nd2 Qxb6 21. Nc4 Qb4 22. Qxb2 Nxd5 23. Qxb4 Nxb4 24. Rd7 {0-1 (48) Kazakovskiy,V (2473)-Indjic,A (2618) Chess.com INT 2020}) 18... Rad8 {[%emt 0:16:30] Loses the game.} (18... Nfxd5 $2 19. a5 $18) (18... Qd7 $14) 19. Bxa6 $18 Nbxd5 20. Bb5 Qe7 {[%emt 0:01:51] [#]} (20... Re7 {was necessary.} 21. Nbd2 Qc7) 21. Bxe8 Rxe8 22. Nbd2 Qa7 23. Nc4 Rb8 24. Qb3 Qc7 25. Rd3 {[%emt 0:01:32] White is clearly winning.} Nb6 26. Rfd1 Nxc4 27. Qxc4 {[%emt 0:00:04] [#] Black must now prevent e4.} h5 28. h3 Re8 29. b3 Bf8 30. Nd2 Nd7 (30... Qe5 $142 31. Qb5 Qc7) 31. Ne4 {[%emt 0:00:16] Weighted Error Value: White=0.11 (very precise) /Black=0.45} 1-0

[Event "Mitropa Cup Open 2022"]
[Site "Corte"]
[Date "2022.05.05"]
[Round "6.6"]
[White "Maurizzi, Marc`Andria"]
[Black "Sonis, Francesco"]
[Result "1-0"]
[ECO "C49"]
[WhiteElo "2483"]
[BlackElo "2547"]
[Annotator "TA"]
[PlyCount "157"]
[EventDate "2022.04.30"]
[EventType "team-tourn"]
[EventCountry "FRA"]
[SourceTitle "playchess.com"]
[Source "ChessBase"]
[SourceQuality "1"]
[WhiteTeam "France"]
[BlackTeam "Italy"]
[BlackTeamCountry "ITA"]
[TimeControl "40/5400+30:1800+30"]

1. e4 e5 2. Nf3 Nc6 3. Nc3 Nf6 4. Bb5 Bb4 5. O-O O-O 6. d3 d6 7. Bg5 Bxc3 8. bxc3 h6 9. Bh4 Nb8 {[%emt 0:03:41] C49: Four Knights: 4 Bb5 Bb4.} 10. d4 Qe7 11. Re1 {[%emt 0:02:31] [#]} a6 $146 {[%emt 0:01:30] White has an edge.} ({Predecessor:} 11... c6 12. Bd3 Bg4 13. h3 Bh5 14. Rb1 b5 15. a4 a6 16. g4 Bg6 17. Qc1 Nbd7 18. Qa3 {½-½ (68) Willow,J (2360)-De Silva,L (2193) Chess.com INT 2022}) 12. Bf1 Nbd7 13. Nd2 Rd8 14. Nc4 Nf8 15. Ne3 g5 16. Bg3 Ng6 (16... Nxe4 $2 17. Nd5 Qe6 18. Nxc7 $18) 17. f3 Be6 18. c4 exd4 19. Qxd4 Nd7 20. Rad1 Nde5 21. Nf5 Qf6 22. Nxh6+ Kg7 23. Nf5+ Bxf5 24. exf5 Qxf5 25. c5 {[%emt 0:07:10] [#]} (25. Bd3 $14 Qf6 26. Be4) 25... Qf6 $2 (25... dxc5 $1 $15 {stays ahead.} 26. Bd3 (26. Qc3 f6) 26... Rxd4 27. Bxf5 Rxd1 28. Rxd1 Nf4) 26. Qc3 Nf4 27. Re4 (27. Rb1 $16) 27... Nfg6 (27... Nd7 $11 {remains equal.} 28. Qxf6+ Nxf6) 28. Rd5 Kg8 (28... Ne7 $142 29. Rd1 (29. Bxe5 dxe5 30. Rxd8 Rxd8 $11) 29... N7g6) 29. Qd2 Rac8 30. Red4 Nc6 (30... Rd7 $16) 31. Rg4 $18 dxc5 32. Rgxg5 (32. Qxg5 $18 Qxg5 33. Rdxg5) 32... Nb4 33. Rd7 Rxd7 34. Qxd7 Qd4+ (34... Rd8 $16 35. Qg4 Rd4) 35. Qxd4 cxd4 36. h4 {[%emt 0:00:39][%cal Bh2h4,Bh4h5][%mdl 32] aiming for h5.} Kh7 (36... c5 {was worth a try.} 37. h5 c4) 37. h5 Ne7 38. Bc4 Rg8 (38... f6 $16 {was necessary.} 39. Rg4 Rd8) 39. Bh4 Rxg5 40. Bxg5 {[%emt 0:00:02] This bishop pair is nice.} Nbd5 41. Bxe7 Nxe7 42. Bxf7 {[%emt 0:00:04][%mdl 4096] Endgame KB-KN} Kg7 43. Bc4 b5 44. Bd3 (44. Be6 $18) 44... Kh6 $2 (44... Nd5 $16 {is a better chance.}) 45. g4 Nd5 46. Kf2 c5 47. Be4 Nc3 48. Bg6 Nd5 49. Bf7 (49. Kg3 $142 {f4 is the strong threat.} c4 50. f4) 49... Ne3 50. Be6 ({Better is} 50. Ke2 $18) 50... Nxc2 $11 51. f4 {[%emt 0:00:00] Strongly threatening g5+.} Ne3 $1 52. Kf3 c4 53. g5+ Kxh5 54. Bf7+ Kh4 55. g6 {White wants to mate with g7.} Nf5 {[%emt 0:00:50] And now ...d3 would win.} 56. Ke4 {[%emt 0:01:19][%mdl 64] Deflection} Ne7 (56... Ng7 $1 $11 57. Kxd4 Kh5) 57. Kxd4 $18 {[%emt 0:01:36] Hoping for Ke4.} Kg4 (57... a5 $18 58. Ke4 c3) 58. Ke4 c3 59. Kd3 Kxf4 60. g7 b4 61. g8=Q Nxg8 62. Bxg8 {[%emt 0:00:01] KB-K3P} Kf3 63. Bb3 Kf2 64. Kc4 $2 (64. Ba4 {mates} Kf1 65. Ke3 Kg2 66. Ke2 Kg3 67. Bc2 Kf4 68. Kd3 Ke5 69. Kc4) 64... Ke3 65. Kxb4 $11 {[%emt 0:01:31] KB-KPP} Kd2 $1 66. Ka5 Kc1 $1 67. a4 Kb2 68. Bd1 Kc1 69. Bh5 Kb2 $1 {[%emt 0:00:09] ( -> ...c2)} (69... c2 {is a self mate.} 70. Bg6 Kb2 {[#]} 71. Bxc2 $1 Kxc2 72. Kxa6 Kd2 73. a5 Ke3 74. Kb6) 70. Bg6 Kb3 71. Bf5 Ka3 72. Bc2 Kb2 73. Bd1 Kc1 74. Bb3 Kb2 75. Kb4 {[%emt 0:00:06] Intending a5 and mate.} a5+ $2 (75... c2 $11 76. Bxc2 Kxc2) 76. Kc4 {[%emt 0:00:02] White mates.} Ka3 77. Bd1 Kb2 78. Kb5 Kc1 79. Bh5 {[%emt 0:00:04] Weighted Error Value: White=0.32/Black=0.55} 1-0

[Event "Mitropa Cup Open 2022"]
[Site "Corte"]
[Date "2022.05.05"]
[Round "6.6"]
[White "Humeau, Cyril"]
[Black "Gaehwiler, Gabriel"]
[Result "1/2-1/2"]
[ECO "B22"]
[WhiteElo "2290"]
[BlackElo "2418"]
[Annotator "TA"]
[PlyCount "51"]
[EventDate "2022.04.30"]
[EventType "team-tourn"]
[EventCountry "FRA"]
[SourceTitle "playchess.com"]
[Source "ChessBase"]
[SourceQuality "1"]
[WhiteTeam "France"]
[BlackTeam "Switzerland"]
[WhiteTeamCountry "FRA"]
[BlackTeamCountry "SUI"]
[TimeControl "40/5400+30:1800+30"]

1. e4 c5 2. c3 d5 3. exd5 Qxd5 4. d4 g6 5. Nf3 Bg7 6. Na3 cxd4 7. Nb5 Na6 8. Be3 {[%emt 0:08:37][%cal Re3d4] Active counter play!} Nf6 {[%emt 0:26:45] B06: Modern Defence.} 9. Nbxd4 {[%emt 0:03:00] [#]} Ng4 $146 ({Predecessor:} 9... O-O 10. Bxa6 bxa6 11. O-O Bb7 12. Nb3 Rac8 13. Qxd5 Nxd5 14. Bxa7 e5 15. Rfe1 e4 {0-1 (55) Petrova,I (2127)-Wieczorek,O (2500) Chess.com INT 2022}) 10. Bb5+ Bd7 {[%emt 0:00:31] The position is equal.} 11. Qb3 Nxe3 12. fxe3 Qxb3 13. Bxd7+ Kxd7 14. Nxb3 e5 15. Ke2 e4 (15... Ke7 $11 {remains equal.}) 16. Nfd4 (16. Rad1+ $16 Ke7 17. Nfd2) 16... f5 $11 17. Rad1 {[%emt 0:00:32] [#] aiming for Nxf5+.} Ke7 18. Nb5 Rhc8 (18... Be5 $11 {is superior.}) 19. Rd5 Nc7 (19... Rd8 $5 20. Rhd1 Rxd5 21. Rxd5 Ke6 22. Rd6+ Ke7 $11) 20. Nxc7 Rxc7 21. Rhd1 (21. g4 $5 ) 21... Rac8 22. h3 (22. g4 $5 ) 22... Ke6 23. Rd6+ Ke7 24. R6d5 Ke6 25. Rd6+ Ke7 26. R6d5 {Weighted Error Value: White=0.21 (precise) /Black=0.22 (precise)} 1/2-1/2